 Dungeon Crawl Stone Soup version 0.31-a0-187-gba352fbbf7 (webtiles) character file.

Game seed: 10564867302277138144

4190 kae the Severer (level 10, -5/93 HPs)
             Began as a Hill Orc Fighter on June 22, 2023.
             Slain by an orc warlord
             ... wielding a +3 broad axe
              (25 damage)
             ... in a bailey.
             The game lasted 00:07:51 (8437 turns).

kae the Severer (Hill Orc Fighter)                  Turns: 8437, Time: 00:07:52

Health: -5/93      AC:  8    Str: 29 (30) XL:     10   Next: 29%
Magic:  10/10      EV:  9    Int:  6 (8)  God:
Gold:   595        SH:  5    Dex:  9 (10) Spells: 9/9 levels left

rFire   . . .        a - +0 war axe
rCold   . . .        c - +1 buckler
rNeg    . . .        b - +0 scale mail
rPois   .            (no helmet)
rElec   .            E - +0 cloak {Stlth+}
rCorr   .            (no gloves)
SInv    .            (no boots)
Will    .....        (no amulet)
Stlth   +            Y - +4 ring of slaying
HPRegen 0.35/turn    S - +6 ring of strength
MPRegen 0.12/turn

%: no passive effects
@: unable to read
A: inability to read after injury 1
a: no special abilities


You were in a bailey.
You visited 2 branches of the dungeon, and saw 9 of its levels.
You also visited: Bailey.

You collected 595 gold pieces.


Innate Abilities, Weirdness & Mutations

You occasionally lose the ability to read scrolls when taking damage.


   Skills:
 + Level 10.0 Fighting
 - Level 16.0 Axes
 - Level 3.2 Armour
 - Level 3.2 Shields


You had 9 spell levels left.
You didn't know any spells.
Your spell library contained the following spells:

 Spells                   Type           Power      Damage    Failure   Level
 Necrotise                Necr           0%         1d4       77%         1
 Dazzling Flash           Conj/Hex       0%         N/A       98%         3
 Vampiric Draining        Necr           0%         2d6       98%         3
 Anguish                  Hex/Necr       0%         N/A       100%        4
 Cause Fear               Hex            0%         N/A       100%        4
 Agony                    Necr           0%         N/A       100%        5
 Silence                  Hex/Air        0%         N/A       100%        5
 Enfeeble                 Hex            0%         N/A       100%        7

Inventory:

Hand Weapons
 a - a +0 war axe (weapon)
Missiles
 d - 3 boomerangs of dispersal {=f!f}
 i - 6 poisoned darts
 j - 31 stones
 k - 2 throwing nets {=f!f}
 p - 14 boomerangs
 r - 6 atropa-tipped darts
Armour
 b - a +0 scale mail (worn)
 c - a +1 buckler (worn)
 E - a +0 cloak of stealth (worn)
   (You took it off Crazy Yiuf on level 7 of the Dungeon)
Magical Staves
 g - a staff of fire {!a}
   (You found it on level 3 of the Dungeon)
Jewellery
 n - a ring of willpower
   (You found it on level 2 of the Dungeon)
 x - a ring of willpower
   (You found it on level 6 of the Dungeon)
 C - a ring of ice
   (You found it on level 5 of the Dungeon)
 S - a +6 ring of strength (right hand)
   (You found it on level 4 of the Dungeon)
 Y - a +4 ring of slaying (left hand)
   (You found it on level 1 of the Dungeon)
Wands
 t - a wand of iceblast (4)
   (You found it on level 5 of the Dungeon)
 v - a wand of charming (1)
   (You took it off a kobold brigand on level 6 of the Dungeon)
Scrolls
 o - 2 scrolls of enchant armour
 u - a scroll of revelation
 y - 2 scrolls of immolation {!r!r}
 z - a scroll of blinking {!r}
 A - a scroll of teleportation {@r4}
 B - a scroll of poison {!r}
 F - a scroll of summoning
Potions
 e - 7 potions of curing {@q1}
 f - 2 potions of magic
 h - a potion of enlightenment
 l - a potion of degeneration {!q}
 m - a potion of brilliance
 q - a potion of might
 s - a potion of resistance
 w - a potion of mutation {!q}
 D - a potion of haste {unknown}
 G - a potion of invisibility {unknown}

Dungeon Overview and Level Annotations

Branches:
Dungeon (8/15) Zot: 26694  Temple (1/1) D:6 Zot: 5824  Bailey (1/1) Zot: 5500
   Lair: D:8-11

Altars:
Ashenzari
Cheibriados
Dithmenos
Elyvilon
Fedhas
Gozag
Hepliaklqana
Kikubaaqudgha
Makhleb
Nemelex Xobeh
Okawaru
Ru
Sif Muna
Trog
Uskayaw
Vehumet
Wu Jian
Xom
Yredelemnul
Zin
The Shining One

##......####~~~#~~~##......##≈≈♣
##.....#~~#~.....[~#.)...##...♣
##....#~........?~#....##....♣
#...##~8.8...8.8##..).#.....♣
#...'~~.........#.÷...'......
#...'~~....∩....#....['÷..∩.∩
#...)~~...g.....#..)..').....
#...##~8.8.o.8.8##....#.....♣
##....#~.....@..!~#....##....♣
##.))..#~~#~.....}~#.....##...♣
##......####~~~#~~~##......##≈≈♣
#...8......#########........#≈≈♣
#..........'.....'....8..8..#≈≈♣
#..........#~~~~~#..........#≈≈♣
##..8..8...#~~~~~#.........##≈≈♣
##.......##~~~~~##...8...##≈≈≈♣
##.....##.......##.....## ≈≈♣♣


You could see an orc warlord (ally target) and a friendly gnoll (summoned).


Message History

Key pressed, stopping explore.
No target in view!
No target in view!
There is an empty arch of ancient stone here.
You see here a +0 hand axe.
There is an open gate here.
There is an open door here.
There is an open door here.
The hobgoblin shouts!
Could not explore, unopened runed door.
No target in view!
No target in view!
No target in view!
No target in view!
Could not explore, unopened runed door.
Could not explore, unopened runed door.
No target in view!
No target in view!
Could not explore, unopened runed door.
Okay, then.
As you read the scroll labelled QEUNOM YMOLI, it crumbles to dust.
Wisps of shadow whirl around you...
It was a scroll of summoning.
Unknown command.
Okay, then.
You open the gate.
Your orc barely misses the hobgoblin.
Your gnoll closely misses the hobgoblin.
Your gnoll hits the hobgoblin from afar with a +1 spear of flaming.
Your gnoll burns the hobgoblin.
The hobgoblin dies!
There is an open translucent gate here.
Things that are here:
a +0 hand axe; a +0 leather armour You enter the shallow water.
Moving in this stuff is going to be slow.
There is a gate leading back out of this place here.
Your orc hits the orc warlord but does no damage.
The orc warlord hits your orc with a +3 broad axe!!!
Your orc dies!
Your orc's corpse dissolves into shadows!
The orc warlord closely misses your orc.
Your gnoll barely misses the orc warlord.
The orc warlord hits you with a +3 broad axe!!
The orc warlord hits your orc with a +3 broad axe!
Your orc dies!
Your orc's corpse dissolves into shadows!
Your gnoll hits the orc warlord but does no damage.
You are too injured to fight recklessly! 😮 HP[-31]
You take 31 damage, and now have 62/93 hp.
MASSIVE DAMAGE!! (PAUSE)
You barely miss the orc warlord. You barely miss the orc warlord.
Your gnoll dissolves into shadows!
Your gnoll hits the orc warlord from afar with a +1 spear of flaming.
Your gnoll burns the orc warlord.
Your gnoll barely misses the orc warlord.
The orc warlord hits you with a +3 broad axe! 😮 HP[-13]
You take 13 damage, and now have 49/93 hp.
Unknown command.
You slash the orc warlord!
Your gnoll completely misses the orc warlord.
Your gnoll barely misses the orc warlord.
The orc warlord hits you with a +3 broad axe!
* * * LOW HITPOINT WARNING * * *
😨 HP[-11]
You take 11 damage, and now have 38/93 hp.
Unknown command.
You slash the orc warlord!
Unknown command.
You hit the orc warlord.
Your gnoll hits the orc warlord from afar with a +1 spear of flaming.
Your gnoll burns the orc warlord.
Your gnoll hits the orc warlord from afar with a +0 halberd!
The orc warlord hits you with a +3 broad axe!
You feel threatened and lose the ability to read scrolls!
* * * LOW HITPOINT WARNING * * *
😨 HP[-14]
You take 14 damage, and now have 24/93 hp.
Unknown command.
You slice the orc warlord!!
Your gnoll dissolves into shadows!
Your gnoll hits the orc warlord from afar with a +1 spear of flaming.
Your gnoll burns the orc warlord. 😨 HP[+1]
Your gnoll hits the orc warlord but does no damage.
Your gnoll hits the orc warlord with a +1 spear of flaming.
Your gnoll burns the orc warlord.
The orc warlord hits your gnoll with a +3 broad axe!
Your gnoll dies!
Your gnoll's corpse dissolves into shadows!
The orc warlord hits you with a +3 broad axe.
* * * LOW HITPOINT WARNING * * *
The orc warlord hits your gnoll with a +3 broad axe!
The orc warlord shouts! 😱 HP[-5]
You take 5 damage, and now have 20/93 hp.
Your gnoll closely misses the orc warlord.
The orc warlord hits you with a +3 broad axe!!
You die...

Skill      XL: |  1  2  3  4  5  6  7  8  9 10 |
---------------+-------------------------------+-----
Axes           | 3 7 8 9 11 14 16 | 16.0
Fighting       | 8 10 | 10.0
Armour         | |  3.2
Shields        | |  3.2

Action                     |  1- 3 |  4- 6 |  7- 9 | 10-12 || total
---------------------------+-------+-------+-------+-------++-------
  Melee: War axe           |    50 |   168 |   324 |    66 ||   608
  Evoke: Wand              |       |       |     4 |       ||     4
    Use: Scroll            |     2 |     6 |     5 |     1 ||    14
         Potion            |     1 |       |       |     7 ||     8
 Armour: Scale mail        |    12 |    79 |    78 |    13 ||   182
         Skin              |       |       |       |     5 ||     5
  Dodge: Dodged            |    23 |    71 |   103 |     9 ||   206
  Block: Buckler           |    11 |    41 |    44 |    10 ||   106

Levels and vault maps discovered:
D:1:      scummos_arrival_star, layout_rooms,
          dilly_ecumenical_altar_fadedgnrine, serial_park_tiny_1
D:2:      layout_basic, basic_altar, uniq_sigmund
D:3:      lemuel_castle_with_subvaults [lemuel_castle_interior_original],
          layout_basic, minivault_4, st_stairs_10, small_statue_intersection,
          uniq_jessica
D:4:      layout_rooms, minmay_goblin_outpost
D:5:      layout_basic, chequers_garden, uniq_grinder
D:6:      layout_gridville, beargit_hepliaklqana_dungeon_heroes,
          minmay_temple_entry_poolview, grunt_ministairs_2
D:7:      layout_rooms, lemuel_doored_altar, nicolae_overflow_hidden_temple,
          uniq_crazy_yiuf_cottage
D:8:      layout_basic, enter_bailey_8, uniq_maurice, uniq_pikel
Temple:   nicolae_temple_elliptical
Bailey:   bailey_axe_bossmonster_kennysheep, bailey

Notes
Turn   | Place    | Note
-------+----------+-------------------------------------------
     0 | D:1      | kae the Hill Orc Fighter began the quest for the Orb.
     0 | D:1      | Reached XP level 1. HP: 19/19 MP: 1/1
     0 | D:1      | magus.rc [v1.11.3]
    95 | D:1      | Reached skill level 3 in Axes
   362 | D:1      | Found a faded altar of an unknown god.
   445 | D:2      | Reached XP level 2. HP: 26/26 MP: 2/2
   455 | D:2      | Reached skill level 4 in Axes
   750 | D:2      | Found a broken altar of Ashenzari.
   978 | D:2      | Noticed Sigmund
   988 | D:2      | Killed Sigmund
   989 | D:2      | Reached skill level 7 in Axes
   989 | D:2      | Reached XP level 3. HP: 31/31 MP: 3/3
   989 | D:2      | Reached XP level 4. HP: 39/39 MP: 4/4
   989 | D:2      | Reached XP level 5. HP: 45/45 MP: 5/5
  1011 | D:2      | You pick up a book of Hexes and begin reading...
  1011 | D:2      | You add the spells Anguish, Cause Fear and Enfeeble to your
                  | library.
  1285 | D:3      | HP: 11/45 [something (3)]
  1664 | D:3      | Reached skill level 8 in Axes
  1669 | D:3      | Reached XP level 6. HP: 51/51 MP: 6/6
  2326 | D:3      | Reached skill level 9 in Axes
  2333 | D:3      | HP: 10/51 [gnoll sergeant/+0 trident (9)]
  2732 | D:2      | Reached XP level 7. HP: 31/57 MP: 7/7
  2958 | D:3      | Reached skill level 10 in Axes
  3319 | D:3      | Noticed Jessica
  3324 | D:3      | Killed Jessica
  3626 | D:4      | Reached skill level 11 in Axes
  3808 | D:4      | You pick up a book of the Senses and begin reading...
  3808 | D:4      | You add the spells Dazzling Flash, Agony and Silence to
                  | your library.
  4199 | D:5      | Entered Level 5 of the Dungeon
  4216 | D:5      | Reached XP level 8. HP: 64/64 MP: 8/8
  4220 | D:5      | Reached skill level 12 in Axes
  4315 | D:5      | Identified the +2 hand axe "Viluisink" {flame, Drain rC+
                  | rN++}
  4544 | D:5      | Noticed Grinder
  4548 | D:5      | Paralysed by Grinder for 3 turns
  4559 | D:5      | Paralysed by Grinder for 2 turns
  4563 | D:5      | Killed Grinder
  4564 | D:5      | Reached skill level 13 in Axes
  5382 | D:6      | Reached skill level 14 in Axes
  5450 | D:6      | Reached XP level 9. HP: 36/70 MP: 9/9
  5618 | D:6      | You pick up a book of Necromancy and begin reading...
  5618 | D:6      | You add the spells Necrotise and Vampiric Draining to your
                  | library.
  5720 | D:6      | Found a hazy altar of Hepliaklqana.
  5721 | D:6      | Found a faded altar of an unknown god.
  5790 | D:6      | Reached skill level 15 in Axes
  6340 | D:6      | Found a staircase to the Ecumenical Temple.
  6349 | Temple   | Entered the Ecumenical Temple
  6597 | D:7      | Noticed a two-headed ogre
  6943 | D:7      | Found a radiant altar of Vehumet.
  6995 | D:7      | Found a blossoming altar of Fedhas.
  7139 | D:7      | Found a white marble altar of Elyvilon.
  7155 | D:7      | Reached skill level 16 in Axes
  7155 | D:7      | Reached skill level 4 in Fighting
  7399 | D:7      | Found a runed translucent door.
  7400 | D:7      | Noticed Crazy Yiuf
  7406 | D:7      | Killed Crazy Yiuf
  7463 | D:7      | Killed a two-headed ogre
  7464 | D:7      | Reached skill level 7 in Fighting
  7626 | D:8      | Found a flagged portal.
  7747 | D:8      | Noticed Pikel
  7752 | D:8      | Reached skill level 8 in Fighting
  7752 | D:8      | Reached XP level 10. HP: 26/88 MP: 10/10
  7753 | D:8      | Gained mutation: You occasionally lose the ability to read
                  | scrolls when taking damage. [potion of mutation]
  7797 | D:8      | HP: 22/88 [Pikel/+2 whip of flaming (1)]
  7798 | D:8      | Killed Pikel
  7799 | D:8      | Reached skill level 9 in Fighting
  7932 | Bailey   | Entered a bailey
  7968 | Bailey   | Noticed an orc warlord
  8252 | Bailey   | Found a runed translucent gate.
  8254 | Bailey   | Found a runed translucent gate.
  8265 | Bailey   | Found a runed translucent gate.
  8281 | Bailey   | Reached skill level 10 in Fighting
  8436 | Bailey   | HP: 20/93 [orc warlord/+3 broad axe (5)]
  8437 | Bailey   | Slain by an orc warlord

Vanquished Creatures
  A two-headed ogre (D:7)
  Pikel (D:8)
  Grinder (D:5)
  Sigmund (D:2)
  A water moccasin (D:7)
  An ice beast (D:6)
  7 orc warriors
  A sky beast (D:7)
  2 ogres (D:5)
  4 lemures (D:8)
  A kobold brigand (D:6)
  A gnoll sergeant (D:2)
  A bullfrog (D:8)
  3 scorpions
  5 killer bees (D:7)
  2 hounds (D:4)
  Crazy Yiuf (D:7)
  An orc priest (D:7)
  2 jellies
  Jessica (D:3)
  5 iguanas
  13 orc wizards
  25 gnolls
  4 adders
  2 worms (D:2)
  41 orcs
  4 endoplasms
  2 giant cockroaches
  14 hobgoblins
  22 jackals (D:3)
  2 quokkas
  3 ball pythons
  3 bats
  3 frilled lizards
  9 goblins
  9 kobolds
  4 rats
203 creatures vanquished.

Vanquished Creatures (collateral kills)
  A hobgoblin (Bailey)
1 creature vanquished.

Grand Total: 204 creatures vanquished

Table legend:
 A = Non-vault XP
 B = Vault XP
 C = Vault XP percentage of total XP
 D = Non-vault monster count
 E = Vault monster count
 F = Vault count percentage of total count
                 A         B        C        D         E       F
            +---------+---------+-------+---------+---------+-------
      Total |    3271 |    2716 |  45.4 |     104 |      96 |  48.0
            +---------+---------+-------+---------+---------+-------
        D:1 |       9 |       0 |   0.0 |       6 |       0 |   0.0
        D:2 |      24 |     381 |  94.1 |      12 |       9 |  42.9
        D:3 |      91 |     428 |  82.5 |      23 |      54 |  70.1
        D:4 |     249 |       8 |   3.1 |      13 |       4 |  23.5
        D:5 |     478 |     411 |  46.2 |      13 |       2 |  13.3
        D:6 |     411 |     233 |  36.2 |      11 |       2 |  15.4
        D:7 |    1671 |      41 |   2.4 |      19 |       1 |   5.0
        D:8 |     338 |     641 |  65.5 |       7 |       1 |  12.5
     Bailey |       0 |     573 | 100.0 |       0 |      23 | 100.0
            +---------+---------+-------+---------+---------+-------

Skill      XL: |  1  2  3  4  5  6  7  8  9 10 |
---------------+-------------------------------+-----
Axes           | 3 7 8 9 11 14 16 | 16.0
Fighting       | 8 10 | 10.0
Armour         | |  3.2
Shields        | |  3.2

Action                     |  1- 3 |  4- 6 |  7- 9 | 10-12 || total
---------------------------+-------+-------+-------+-------++-------
  Melee: War axe           |    50 |   168 |   324 |    66 ||   608
  Evoke: Wand              |       |       |     4 |       ||     4
    Use: Scroll            |     2 |     6 |     5 |     1 ||    14
         Potion            |     1 |       |       |     7 ||     8
 Armour: Scale mail        |    12 |    79 |    78 |    13 ||   182
         Skin              |       |       |       |     5 ||     5
  Dodge: Dodged            |    23 |    71 |   103 |     9 ||   206
  Block: Buckler           |    11 |    41 |    44 |    10 ||   106

Illustrated notes

Table legend:
 A = Kills in this place as a percentage of kills in the entire game.
 B = Kills by you in this place as a percentage of kills by you in the entire game.
 C = Kills by friends in this place as a percentage of kills by friends in the entire game.
 D = Other kills in this place as a percentage of other kills in the entire game.
 E = Experience gained in this place as a percentage of experience gained in the entire game.
 F = Experience gained in this place divided by the number of levels of this place that you have seen.
                   A       B       C       D       E      F
               +-------+-------+-------+-------+-------+----------------------
         Total | 100.0 | 100.0 | 100.0 |   N/A | 100.0 | 598.7
       Dungeon |  88.5 |  88.9 |   0.0 |   N/A |  90.4 | 676.8
        Bailey |  11.5 |  11.1 | 100.0 |   N/A |   9.6 | 573.0
               +-------+-------+-------+-------+-------+----------------------

Table legend: (Time is in decaauts)
 A = Elapsed time spent in this place.
 B = Non-inter-level travel time spent in this place.
 C = Inter-level travel time spent in this place.
 D = Time resting spent in this place.
 E = Time spent auto-exploring this place.
 F = Levels seen in this place.
 G = Mean time per level.
                   A        B        C        D        E       F      G
               +--------+--------+--------+--------+--------+-----+--------+
         Total |   8445 |   8238 |    207 |   1384 |   5402 |  10 |  844.5 |
       Dungeon |   7770 |   7572 |    198 |   1364 |   4897 |   8 |  971.2 |
        Temple |    175 |    167 |      8 |      0 |    153 |   1 |  175.0 |
        Bailey |    498 |    498 |      0 |     20 |    351 |   1 |  498.0 |
               +--------+--------+--------+--------+--------+-----+--------+

Top non-repeatable levels by time:
     D:2: 1643 daAuts
     D:3: 1587 daAuts
     D:5: 1168 daAuts
     D:6: 1024 daAuts
     D:7: 1020 daAuts
     D:4: 597 daAuts
  Bailey: 498 daAuts
     D:1: 423 daAuts
     D:8: 305 daAuts
  Temple: 175 daAuts
